 Dungeon Crawl Stone Soup version 0.27.0-1-g7a089689b8 (webtiles) character file.

Game seed: 16435625816885462170

7 SnakkuSnakku7 the Magician (level 1, -2/16 HPs)
             Began as a Mummy Warper on Aug 12, 2021.
             Slain by a ball python (3 damage)
             ... on level 1 of the Dungeon.
             The game lasted 00:00:35 (162 turns).

SnakkuSnakku7 the Magician (Mummy Warper)            Turns: 162, Time: 00:00:36

Health: -2/16      AC:  3    Str: 14    XL:     1   Next: 91%
Magic:  4/4        EV:  8    Int: 12    God:
Gold:   0          SH:  0    Dex: 11    Spells: 5/5 levels left

rFire    x . .     SeeInvis .   a - +1 dagger (venom)
rCold    + . .     Faith    .   (no shield)
rNeg     + + +     Spirit   .   b - +0 leather armour
rPois    ∞         Reflect  .   (no helmet)
rElec    .         Harm     .   (no cloak)
rCorr    .         Rampage  .   (no gloves)
Will     .....                  (no boots)
Stlth    +.........             (no amulet)
HPRegen  0.05/turn              (no ring)
MPRegen  0.09/turn              (no ring)

@: constricted
A: cold resistance 1, negative energy resistance 3, torment resistance 2, heat
vulnerability 1, no potions
a: no special abilities


You were on level 1 of the Dungeon.
You visited 1 branch of the dungeon, and saw 1 of its levels.

Inventory:

Hand Weapons
 a - a +1 dagger of venom (weapon)
 i - a +0 mace
Missiles
 d - 5 boomerangs of dispersal (quivered)
 g - 13 poisoned darts
Armour
 b - a +0 leather armour (worn)
Scrolls
 c - a scroll of blinking
 e - a scroll of magic mapping {unknown}
 f - a scroll of enchant armour {unknown}
 h - a scroll of silence {unknown}


   Skills:
 + Level 2.1 Fighting
 - Level 2.1 Maces & Flails
 - Level 0.7 Throwing
 - Level 0.7 Armour
 - Level 1.5 Dodging
 - Level 2.6 Spellcasting
 - Level 2.4 Translocations


You had 5 spell levels left.
You didn't know any spells.
Your spell library contained the following spells:

 Spells                   Type           Power      Damage    Failure   Level
 Blink                    Tloc           N/A        N/A       19%         2
 Gell's Gravitas          Tloc           3%         N/A       34%         3
 Lesser Beckoning         Tloc           3%         N/A       34%         3
 Teleport Other           Tloc           7%         N/A       34%         3
 Manifold Assault         Tloc           7%         N/A       97%         5


Dungeon Overview and Level Annotations

Branches:
Dungeon (1/15)

Altars:


Innate Abilities, Weirdness & Mutations

You are immune to poison.
Your flesh is cold resistant. (rC+)
You are immune to negative energy. (rN+++)
You are immune to unholy pain and torment.
You are vulnerable to heat. (rF-)
You do not drink.


Message History

You kill the goblin!
You see here a +1 dagger of venom.
i - a +1 dagger of venom Adjust to which letter? (? for menu, Esc to quit)
a - a +1 dagger of venom;
i - a +0 mace (weapon)
A ball python and a jackal come into view.
Your +1 dagger of venom begins to drip with poison!
a - a +1 dagger of venom (weapon)
The jackal bites you but does no damage.
The jackal completely misses you.
You barely miss the jackal. The jackal closely misses you.
You closely miss the jackal. The jackal barely misses you.
The jackal misses you.
You hit the jackal.
The jackal is severely wounded.
The jackal bites you.
You barely miss the jackal.
The jackal is severely wounded.
The jackal bites you.
* * * LOW HITPOINT WARNING * * *
The jackal bites you but does no damage.
You hit the jackal.
The jackal is almost dead.
The jackal barely misses you.
You closely miss the jackal.
The jackal is almost dead.
The jackal closely misses you.
You hit the jackal but do no damage.
The jackal is poisoned.
The jackal is almost dead.
You kill the jackal!
You closely miss the ball python. The ball python bites you.
* * * LOW HITPOINT WARNING * * *
The ball python grabs you.
* * * LOW HITPOINT WARNING * * *
The ball python constricts you.
You hit the ball python.
The ball python is poisoned.
The ball python is moderately wounded.
The ball python closely misses you. The ball python constricts you.
The ball python bites you.
You die...

#####. ###..#..... #...#.#
#..... #######.##.##.#
###...# #....#
#.......##.##.# #.### #..^.#
#..........##.# ####.#
.$...###........#.##.###....#
......##..........##.......##
#...##.......##.#......#.#
#............##>#.######.#
#.......####.S@.#........#
#............###'#†....####
#.................#.##.#
#.................+.# #
#....###..........###
.....#.............# .....
.....#.......# ....#.......#
.......##


You could see a ball python (very poisoned).

Vanquished Creatures
  A ball python (D:1)
  A goblin (D:1)
  A hobgoblin (D:1)
  A jackal (D:1)
  A bat (D:1)
  A frilled lizard (D:1)
  A rat (D:1)
7 creatures vanquished.

Notes
Turn   | Place    | Note
-------+----------+-------------------------------------------
     0 | D:1      | SnakkuSnakku7 the Mummy Warper began the quest for the Orb.
     0 | D:1      | Reached XP level 1. HP: 16/16 MP: 4/4
   162 | D:1      | Slain by a ball python

Illustrated notes

Levels and vault maps discovered:
D:1:      matt_arrival_refuge, layout_basic, minmay_3d_cube

Skill      XL: |  1 |
---------------+----+-----
Maces & Flails | 2 |  2.1
Fighting       | |  2.1
Throwing       | |  0.7
Armour         | |  0.7
Dodging        | |  1.5
Spellcasting   | |  2.6
Translocations | |  2.4

Action                   || total
-------------------------++-------
Melee: Mace              ||    18
       Dagger            ||     9
Armor: Leather armour    ||     9
Dodge: Dodged            ||    15
